 Dungeon Crawl Stone Soup version 0.28.0-62-gf88900778d (webtiles) character file.

Game seed: 5548667205003489268

586 cbfl8 the Covered (level 7, 0/60 HPs)
             Began as a Minotaur Fighter on June 5, 2023.
             Was a Follower of Makhleb.
             Slain by an ogre
             ... wielding a +0 giant club
              (20 damage)
             ... on level 5 of the Dungeon.
             The game lasted 00:05:03 (3793 turns).

cbfl8 the Covered (Minotaur Fighter)                Turns: 3793, Time: 00:05:04

Health: 0/60       AC:  7    Str: 23    XL:     7   Next: 15%
Magic:  0/6        EV: 10    Int:  5    God:    Makhleb [*.....]
Gold:   164        SH:  4    Dex: 11    Spells: 6/6 levels left

rFire   x . .      SeeInvis .   a - +0 war axe
rCold   + . .      Faith    .   c - +0 buckler
rNeg    . . .      Spirit   +   b - +0 scale mail
rPois   .          Reflect  .   (helmet restricted)
rElec   .          Harm     .   (no cloak)
rCorr   .          Rampage  .   (no gloves)
Will    .....                   (no boots)
Stlth   ..........              h - amulet of guardian spirit
HPRegen 0.20/turn               l - ring of ice
MPRegen 0.10/turn               (no ring)

@: brilliant
A: horns 2, retaliatory headbutt, deterioration 1, strong 1
a: Renounce Religion


You were on level 5 of the Dungeon.
You worshipped Makhleb.
Makhleb was aware of your devotion.
You visited 1 branch of the dungeon, and saw 5 of its levels.

You collected 164 gold pieces.

Inventory:

Hand Weapons
 a - a +0 war axe (weapon)
Armour
 b - a +0 scale mail (worn)
 c - a +0 buckler (worn)
Jewellery
 h - an amulet of guardian spirit (around neck)
 l - a ring of ice (left hand)
Scrolls
 j - 2 scrolls of fog
 k - a scroll of holy word


   Skills:
 + Level 4.6 Fighting
 + Level 5.6 Axes
 + Level 5.9 Armour
 + Level 1.4 Dodging
 + Level 4.3 Shields
 * Level 2.9 Evocations


You had 6 spell levels left.
You didn't know any spells.
Your spell library contained the following spells:

 Spells                   Type           Power      Damage    Failure   Level
 Shock                    Conj/Air       0%         1d3       86%         1
 Summon Small Mammal      Summ           0%         N/A       86%         1
 Call Canine Familiar     Summ           0%         N/A       99%         3
 Summon Guardian Golem    Hex/Summ       0%         N/A       99%         3
 Swiftness                Air            0%         N/A       99%         3
 Airstrike                Air            0%         N/A       100%        4


Dungeon Overview and Level Annotations

Branches:
Dungeon (5/15)
 Temple: D:4-7

Altars:
Elyvilon
Gozag
Hepliaklqana
Makhleb
Ru
Wu Jian
Xom

Shops:
D:5 *


Innate Abilities, Weirdness & Mutations

You have a pair of horns on your head.
You reflexively headbutt those who attack you in melee.
Your body sometimes deteriorates upon taking damage.
Your muscles are strong. (Str +2)


Message History

a +0 war axe; a +0 hand axe; an orc corpse You hit the orc but do no damage.
The orc closely misses you. The orc hits you with a +0 trident.
* * * LOW HITPOINT WARNING * * *
You hit the orc. Your headbutt misses the orc.
The orc is severely wounded.
The orc hits you but does no damage.
You closely miss the orc.
The orc is severely wounded.
The orc hits you with a +0 trident.
* * * LOW HITPOINT WARNING * * *
You hit the orc.
You kill the orc!
Makhleb accepts your kill.
You start resting.
Magic restored.
You start resting.
An ogre comes into view. It is wielding a +0 giant club.
Things that are here:
a +0 dagger; a +0 robe; an orc corpse
Okay, then.
It was a potion of magic.
Magic courses through your body.
It was a potion of mutation.
You feel extremely strange.
You feel yourself wasting away.
You feel stronger.
It was a potion of brilliance.
You feel clever all of a sudden.
You can't see any enemies this would affect, really read the scroll of holy word?
Okay, then.
Found Gozag's Platinum Reserve.
You block the ogre's attack.
Found a cloak.
A white imp comes into view.
The white imp shouts, "Scamper away, thou fulsome tip-merry walking sirloin!"
You block the white imp's attack. The white imp barely misses you.
You furiously retaliate!
You headbutt the white imp. The white imp gestures at you.
The puff of frost misses you.
The ogre hits you with a +0 giant club!!
You die...

###### #....# #....#
########....#
.....[##....#
#..@....# #..O5...#
##.#.....#
######........# #.
##.......##....#
###.##....#.#########
.#.......#...#
...........###
............##


You could see an ogre and a white imp.

Vanquished Creatures
  Sigmund (D:3)
  2 necrophages (D:4)
  2 orc priests
  An iguana (D:4)
  An orc wizard (D:5)
  4 gnolls (D:3)
  An adder (D:2)
  An adder skeleton (D:4)
  2 dart slugs
  15 orcs
  6 ball pythons
  8 endoplasms
  A giant cockroach (D:2)
  6 hobgoblins
  9 kobolds
  2 quokkas (D:1)
  2 bats (D:2)
  4 frilled lizards (D:1)
  12 goblins
  2 rats
82 creatures vanquished.

Vanquished Creatures (others)
  A plant (D:3)
1 creature vanquished.

Grand Total: 83 creatures vanquished

Notes
Turn   | Place    | Note
-------+----------+-------------------------------------------
     0 | D:1      | cbfl8 the Minotaur Fighter began the quest for the Orb.
     0 | D:1      | Reached XP level 1. HP: 19/19 MP: 0/0
   279 | D:1      | Reached XP level 2. HP: 27/27 MP: 1/1
   739 | D:1      | Reached XP level 3. HP: 33/33 MP: 2/2
   851 | D:1      | Reached skill level 1 in Evocations
   856 | D:1      | Found a faded altar of an unknown god.
   919 | D:2      | Found a burning altar of Makhleb.
  1102 | D:2      | Became a worshipper of Makhleb the Destroyer
  1474 | D:3      | Found a white marble altar of Elyvilon.
  1878 | D:3      | Found a hazy altar of Hepliaklqana.
  2087 | D:3      | Noticed Sigmund
  2095 | D:3      | Killed Sigmund
  2096 | D:3      | Reached skill level 5 in Armour
  2096 | D:3      | Reached XP level 4. HP: 36/41 MP: 3/3
  2096 | D:3      | Reached XP level 5. HP: 41/47 MP: 4/4
  2212 | D:3      | Reached * piety under Makhleb
  2333 | D:3      | Found a shimmering altar of Xom.
  2340 | D:3      | Found an ornate altar of the Wu Jian Council.
  2467 | D:3      | Reached XP level 6. HP: 46/53 MP: 5/5
  2727 | D:3      | Reached skill level 1 in Dodging
  3013 | D:4      | Reached skill level 5 in Axes
  3265 | D:4      | Found a sacrificial altar of Ru.
  3340 | D:4      | Reached XP level 7. HP: 37/60 MP: 4/6
  3686 | D:5      | Entered Level 5 of the Dungeon
  3686 | D:5      | Found an opulent altar of Gozag.
  3778 | D:5      | Gained mutation: Your body sometimes deteriorates upon
                  | taking damage. [potion of mutation]
  3778 | D:5      | Gained mutation: Your muscles are strong. (Str +2) [potion
                  | of mutation]
  3780 | D:5      | Found Gozag's Platinum Reserve.
  3793 | D:5      | Slain by an ogre

Illustrated notes

Levels and vault maps discovered:
D:1:      evilmike_arrival_crescent, layout_loops_ring,
          dilly_ecumenical_altar_fadedgnrine, minmay_cut_off
D:2:      layout_loops_ring, basic_altar
D:3:      layout_basic, elyvilon_altar_5, mainiacjoe_overflow_catwalk_spiral,
          nicolae_hepliaklqana_hazy_memory, uniq_sigmund
D:4:      layout_loops_corners, mainiacjoe_overflow_alcove_2,
          kennysheep_minor_cross
D:5:      layout_rooms, nicolae_gozag_zags_fifth_avenue,
          minmay_temple_entry_tees, ebering_ghost_gozag, minmay_fire_ice_demons

Skill      XL: |  1  2  3  4  5  6 |
---------------+-------------------+-----
Armour         | 4 5 |  5.9
Fighting       | 4 |  4.6
Evocations     | 1 2 |  2.9
Shields        | 4 |  4.3
Axes           | 4 5 |  5.6
Dodging        | 1 |  1.4

Action                   |  1- 3 |  4- 6 |  7- 9 || total
-------------------------+-------+-------+-------++-------
Melee: War axe           |    93 |    74 |    28 ||   195
       Headbutt          |    10 |    13 |     3 ||    26
  Use: Scroll            |     1 |     2 |     1 ||     4
       Potion            |     1 |     1 |     7 ||     9
Armor: Scale mail        |    39 |    42 |    27 ||   108
       Skin              |       |    14 |       ||    14
Dodge: Dodged            |    43 |    63 |    33 ||   139
Block: Buckler           |    25 |    15 |    13 ||    53
